 Dungeon Crawl Stone Soup version 0.26-a0-808-g930a2b7adc (webtiles) character file.

Game seed: 16033835626416368865

616 Peloso the Slasher (level 7, -3/61 HPs)
             Began as a Minotaur Fighter on Nov 12, 2020.
             Slain by a yak (8 damage)
             ... on level 5 of the Dungeon.
             The game lasted 00:06:23 (2986 turns).

Peloso the Slasher (Minotaur Fighter)               Turns: 2986, Time: 00:06:24

Health: -3/61      AC:  9    Str: 22    XL:     7   Next: 21%
Magic:  6/6        EV:  6    Int:  5    God:
Gold:   195        SH: 10    Dex: 10    Spells: 6/6 levels left

rFire    . . .     SeeInvis +   a - +0 long sword
rCold    . . .     Faith    .   c - +0 kite shield
rNeg     . . .     Spirit   .   n - +0 chain mail
rPois    +         Reflect  .   (helmet restricted)
rElec    .         Harm     .   t - scarf {repulsion}
rCorr    .         Rampage  .   (no gloves)
MR       .....                  (no boots)
Stlth    ..........             q - amulet of regeneration
HPRegen  0.60/turn              e - ring of see invisible
MPRegen  0.10/turn              s - ring of poison resistance (curse)

@: mighty, repel missiles
A: retaliatory headbutt, horns 2
a: no special abilities


You were on level 5 of the Dungeon.
You visited 1 branch of the dungeon, and saw 5 of its levels.

You collected 195 gold pieces.

Inventory:

Hand Weapons
 a - a +0 long sword (weapon)
Armour
 b - a +0 scale mail
 c - a +0 kite shield (worn)
 n - a +0 chain mail (worn)
 t - a scarf of repulsion (worn)
Jewellery
 e - a ring of see invisible (left hand)
 p - an uncursed ring of ice
 q - an amulet of regeneration (around neck)
 s - a cursed ring of poison resistance (right hand)
Scrolls
 d - 2 scrolls of magic mapping {unknown}
 f - a scroll of remove curse {unknown}
 g - 6 scrolls of identify {unknown}
 i - 5 scrolls of noise {unknown}
 j - 2 scrolls of amnesia {unknown}
 r - a scroll of enchant armour {unknown}
Potions
 k - a potion of ambrosia {unknown}
 l - a potion of attraction {unknown}
 m - 2 potions of heal wounds {unknown}
 o - a potion of mutation {unknown}


   Skills:
 + Level 5.0 Fighting
 + Level 6.2 Long Blades
 + Level 5.3 Armour
 + Level 1.8 Dodging
 + Level 0.2 Stealth
 + Level 5.7 Shields


You had 6 spell levels left.
You didn't know any spells.
Your spell library contained the following spells:

 Spells                   Type           Power        Failure   Level
 Magic Dart               Conj           #...         100%        1
 Searing Ray              Conj           #.....       100%        2
 Dazzling Flash           Conj/Hex       #.....       100%        3
 Fulminant Prism          Conj/Hex       #.........   100%        4
 Iskenderun's Mystic Bla  Conj/Tloc      #.......     100%        4


Dungeon Overview and Level Annotations

Branches:
Dungeon (5/15)
 Temple: D:4-7

Altars:
Ru


Innate Abilities, Weirdness & Mutations

You reflexively headbutt those who attack you in melee.
You have a pair of horns on your head.


Message History

Unknown command.
You barely miss the yak.
The yak is almost dead.
You block the yak's attack. The yak barely misses you. The yak gores you!
You feel very mighty all of a sudden. The yak gores you. The yak gores you!
* * * LOW HITPOINT WARNING * * *
Unknown command.
You slash the yak!
You kill the yak!
Your Fighting skill increases to level 5!
Your Long Blades skill increases to level 6!
You have reached level 7!
You block the yak's attack. x2
You slash the yak!
The yak is moderately wounded.
The yak gores you!
* * * LOW HITPOINT WARNING * * *
The yak gores you!
You die...

#................
#......!.........
#........<.......
#.)..............
#................
+###................
.......Y............
...###Y#......Y..Y.
+.@Y#.........Y.
#...#.....######
#...#.....#
#...#.....#
#####.....# .....#


You could see 3 yaks.

Vanquished Creatures
  A yak (D:5)
  An ogre (D:3)
  An orc priest (D:3)
  4 orc wizards
  Natasha (twice) (D:4)
  2 worker ants
  A howler monkey skeleton (D:4)
  5 adders
  An adder skeleton (D:4)
  2 worms
  5 dart slugs
  A leopard gecko (D:2)
  14 orcs
  2 bats
  3 giant cockroaches
  5 goblins
  9 hobgoblins
  7 jackals (D:3)
  2 quokkas
  A ball python (D:2)
  A frilled lizard (D:3)
  4 kobolds
  4 rats
78 creatures vanquished.

Notes
Turn   | Place    | Note
-------+----------+-------------------------------------------
     0 | D:1      | Peloso the Minotaur Fighter began the quest for the Orb.
     0 | D:1      | Reached XP level 1. HP: 19/19 MP: 0/0
   249 | D:1      | Reached XP level 2. HP: 27/27 MP: 1/1
   646 | D:2      | Reached XP level 3. HP: 32/33 MP: 2/2
   780 | D:2      | Reached skill level 1 in Dodging
   964 | D:2      | Reached skill level 3 in Long Blades
  1438 | D:3      | You fall into a shaft and drop 1 floor!
  1545 | D:4      | Reached XP level 4. HP: 40/40 MP: 3/3
  1741 | D:4      | Noticed Natasha
  1745 | D:4      | Killed Natasha
  1745 | D:4      | Reached skill level 4 in Long Blades
  1745 | D:4      | Reached XP level 5. HP: 46/46 MP: 4/4
  1902 | D:4      | Noticed Natasha
  1910 | D:4      | Killed Natasha
  2207 | D:3      | Reached skill level 5 in Shields
  2247 | D:3      | Reached XP level 6. HP: 52/53 MP: 5/5
  2288 | D:3      | Reached skill level 5 in Long Blades
  2439 | D:3      | Found a sacrificial altar of Ru.
  2686 | D:3      | Reached skill level 5 in Armour
  2957 | D:5      | Entered Level 5 of the Dungeon
  2957 | D:5      | Noticed a yak
  2957 | D:5      | Noticed a yak
  2957 | D:5      | Noticed a yak
  2967 | D:5      | Noticed a yak
  2970 | D:5      | Noticed a yak
  2973 | D:5      | Noticed a yak
  2985 | D:5      | Killed a yak
  2985 | D:5      | Reached skill level 5 in Fighting
  2985 | D:5      | Reached skill level 6 in Long Blades
  2985 | D:5      | Reached XP level 7. HP: 10/61 MP: 6/6
  2986 | D:5      | Slain by a yak

Illustrated notes

Levels and vault maps discovered:
D:1:      heliophobic_arrival_henge, layout_loops_ring
D:2:      layout_rooms
D:3:      layout_loops_ring, nicolae_ru_sacrificial_ziggurat
D:4:      layout_basic, serial_bayou_ford_a, roderic_roman_lattice, uniq_natasha
D:5:      layout_gridville, lemuel_doored_altar, gammafunk_ghost_necromancy,
          portal_sewer_entry_f, led_sif_pool

Skill      XL: |  1  2  3  4  5  6 |
---------------+-------------------+-----
Armour         | 4 5 |  5.3
Shields        | 4 5 |  5.7
Fighting       | 4 5 |  5.0
Dodging        | 1 |  1.8
Long Blades    | 3 4 6 |  6.2
Stealth        | |  0.2

Action                   |  1- 3 |  4- 6 |  7- 9 || total
-------------------------+-------+-------+-------++-------
Melee: Long sword        |    76 |   151 |     1 ||   228
       Headbutt          |     7 |    28 |       ||    35
  Use: Potion            |     6 |     1 |       ||     7
Armor: Scale mail        |    13 |       |       ||    13
       Chain mail        |     9 |    60 |       ||    69
Dodge: Dodged            |    26 |    38 |       ||    64
Block: Kite shield       |    39 |    86 |     2 ||   127
       Rpst.: Long sword |     4 |    11 |       ||    15

Table legend: (Time is in decaauts)
 A = Elapsed time spent in this place.
 B = Non-inter-level travel time spent in this place.
 C = Inter-level travel time spent in this place.
 D = Time resting spent in this place.
 E = Time spent auto-exploring this place.
 F = Levels seen in this place.
 G = Mean time per level.
                   A        B        C        D        E       F      G
               +--------+--------+--------+--------+--------+-----+--------+
         Total |   3092 |   2965 |    127 |      0 |   2255 |   5 |  618.4 |
       Dungeon |   3092 |   2965 |    127 |      0 |   2255 |   5 |  618.4 |
               +--------+--------+--------+--------+--------+-----+--------+

Top non-repeatable levels by time:
     D:2: 887 daAuts
     D:3: 853 daAuts
     D:4: 778 daAuts
     D:1: 540 daAuts
     D:5: 32 daAuts
